 Dungeon Crawl Stone Soup version 0.25.1-8-g42b30a86e7 (webtiles) character file.

Game seed: 946814461756357781

53 pokeman the Magician (level 3, 0/20 HPs)
             Began as a Deep Elf Wizard on Dec 16, 2020.
             Slain by a kobold
             ... wielding a +0 dagger
              (3 damage)
             ... on level 2 of the Dungeon.
             The game lasted 00:04:39 (2050 turns).

pokeman the Magician (Deep Elf Wizard)              Turns: 2050, Time: 00:04:39

Health: 0/20       AC:  5    Str:  4    XL:     3   Next: 62%
Magic:  9/11       EV: 11    Int: 23    God:
Gold:   131        SH:  0    Dex: 13    Spells: 1/12 levels left

rFire    + . .     SeeInvis .   o - +0 hand axe
rCold    . . .     Gourm    .   (no shield)
rNeg     . . .     Faith    .   k - +0 leather armour
rPois    .         Spirit   .   h - +0 helmet
rElec    .         Reflect  .   (no cloak)
rCorr    .         Harm     .   (no gloves)
MR       .....                  a - +0 pair of boots
Stlth    ++........             (no amulet)
HPRegen  0.06/turn              s - ring of protection from fire
MPRegen  0.12/turn              (no ring)

@: very slightly contaminated
A: no striking features
a: no special abilities


You were on level 2 of the Dungeon.
You were not hungry.

You visited 1 branch of the dungeon, and saw 2 of its levels.

You collected 131 gold pieces.

Inventory:

Hand Weapons
 m - a +0 hunting sling
 o - a +0 hand axe (weapon)
Missiles
 n - 16 stones (quivered)
 r - 17 arrows
Armour
 a - a +0 pair of boots (worn)
 h - a +0 helmet (worn)
 k - a +0 leather armour (worn)
 p - a +0 tower shield
Jewellery
 s - a ring of protection from fire (left hand)
Scrolls
 c - 5 scrolls of identify {unknown}
 j - a scroll of amnesia {unknown}
 q - a scroll of remove curse {unknown}
Potions
 b - a potion of might {unknown}
 e - a potion of invisibility {unknown}
 f - 3 potions of curing
 g - a potion of brilliance {unknown}
 i - a potion of mutation {unknown}
Comestibles
 d - 4 rations
 l - 6 chunks of flesh


   Skills:
 - Level 1.0 Fighting
 - Level 1.0 Armour
 - Level 2.4 Dodging
 - Level 2.4 Stealth
 * Level 5.3 Spellcasting
 + Level 2.0 Conjurations
 - Level 1.1 Summonings
 - Level 1.1 Translocations
 + Level 0.0 Air Magic
 + Level 0.0 Poison Magic


You had one spell level left.
You knew the following spells:

 Your Spells              Type           Power        Failure   Level  Hunger
a - Magic Dart            Conj           ###.         7%          1    None
b - Mephitic Cloud        Conj/Pois/Air  #.......     34%         3    ##.....
c - Call Imp              Summ           ##......     16%         2    None
d - Blink                 Tloc           N/A          16%         2    None
e - Conjure Flame         Conj/Fire      ##......     32%         3    ##.....

Your spell library contained the following spells:

 Spells                   Type           Power        Failure   Level  Hunger
 Slow                     Hex            #.......     24%         2    None


Dungeon Overview and Level Annotations

Branches:
Dungeon (2/15)

Altars:

Annotations:
D:2 Sigmund


Message History

The kobold hits you but does no damage.
There is a stone staircase leading up here.
You feel less confused. The kobold completely misses you.
Sigmund points at you and mumbles some strange words.
You are confused.
In your confused state, you trip and fall back down the stairs.
* * * LOW HITPOINT WARNING * * *
Sigmund closely misses you. The kobold barely misses you.
The kobold hits you but does no damage.
In your confused state, you trip and fall back down the stairs.
* * * LOW HITPOINT WARNING * * *
Sigmund barely misses you. The kobold hits you but does no damage.
Unknown command.
The kobold closely misses you. Sigmund misses you.
In your confused state, you trip and fall back down the stairs.
* * * LOW HITPOINT WARNING * * *
You feel less confused. The kobold hits you with a +0 dagger.
You die...

..# ...#
... .. .#
#####.###.#
#..........
#....$.....
#..÷..)....
#..@.......
#..÷K......
###@#.#####
#.#......
#........
###
#........
##.##
#.#######
##.#.## #.#
##.#.#.##
#.#
##.#.#.#.#


You could see Sigmund and a kobold.

Vanquished Creatures
  An adder (D:2)
  An ooze (D:1)
  An adder zombie (D:2)
  A dart slug (D:2)
  A leopard gecko (D:1)
  2 ball pythons (D:2)
  2 bats (D:1)
  A giant cockroach (D:2)
  4 goblins
  7 hobgoblins (D:1)
  4 kobolds
  2 quokkas (D:2)
  2 frilled lizards
  3 rats (D:2)
32 creatures vanquished.

Notes
Turn   | Place    | Note
-------+----------+-------------------------------------------
     0 | D:1      | pokeman the Deep Elf Wizard began the quest for the Orb.
     0 | D:1      | Reached XP level 1. HP: 10/10 MP: 7/7
   236 | D:1      | Reached XP level 2. HP: 16/16 MP: 1/9
  1180 | D:1      | Reached skill level 5 in Spellcasting
  1278 | D:2      | Noticed Sigmund
  1399 | D:2      | Reached XP level 3. HP: 20/20 MP: 6/11
  1404 | D:2      | Learned a level 3 spell: Mephitic Cloud
  1407 | D:2      | Learned a level 2 spell: Call Imp
  1410 | D:2      | Learned a level 2 spell: Blink
  1414 | D:2      | Learned a level 3 spell: Conjure Flame
  1634 | D:2      | Reached skill level 1 in Fighting
  1634 | D:2      | Reached skill level 1 in Armour
  2050 | D:2      | Slain by a kobold

Illustrated notes

Levels and vault maps discovered:
D:1:      scummos_arrival_hexagon, layout_loops_ring,
          chequers_serial_rivers_micro_b, kennysheep_small_spiral,
          minmay_misc_feat_hallway, hex_medium
D:2:      minmay_inner_zag, layout_basic, first_ration, uniq_sigmund

Skill      XL: |  1  2  3 |
---------------+----------+-----
Spellcasting   | 5 |  5.3
Fighting       | 1 |  1.0
Armour         | 1 |  1.0
Conjurations   | 2 |  2.0
Dodging        | |  2.4
Stealth        | |  2.4
Summonings     | |  1.1
Translocations | |  1.1

Action                   || total
-------------------------++-------
Melee: Hand axe          ||     2
 Cast: Magic Dart        ||    80
       Mephitic Cloud    ||     2
       Conjure Flame     ||     1
 Stab: Confused          ||     1
  Eat: Chunk             ||     3
Armor: Leather armour    ||     8
       Robe              ||     1
Dodge: Dodged            ||    26
